 Dungeon Crawl Stone Soup version 0.30-a0-358-g0d69a1922f (webtiles) character file.

Game seed: 16851884544517414613

48 gamesnag the Ducker (level 3, -4/17 HPs)
             Began as a Felid Berserker on Nov 10, 2022.
             Was a Follower of the Shining One.
             Slain by Terence
             ... wielding a +2 hand axe of flaming
              (6 damage)
             ... on level 3 of the Dungeon.
             The game lasted 00:17:05 (1996 turns).

gamesnag the Ducker (Felid Berserker)               Turns: 1996, Time: 00:17:05

Health: -4/17      AC:  1    Str: 15    XL:     3   Next: 50%
Magic:  2/4        EV: 19    Int:  8    God:    the Shining One [*.....]
Gold:   94         SH:  6    Dex: 15    Spells: 2/2 levels left
                                        Lives:  0   Deaths: 0

rFire   . . .      SeeInvis +      - Unarmed
rCold   . . .      Faith    .    (shield unavailable)
rNeg    . . .      Spirit   .    (body armour unavailable)
rPois   .          Reflect  .    (helmet unavailable)
rElec   .          Harm     .    (cloak unavailable)
rCorr   .          Rampage  .    (gloves unavailable)
Will    .....                    (boots unavailable)
Stlth   +.........               (no amulet)
HPRegen 0.22/turn                (no ring)
MPRegen 0.09/turn                (no ring)

@: mighty, divinely shielded, attractive, flying, hasted, glowing, very quick
A: very small, claws 1, fangs 3, see invisible, speed 1, shaggy fur 1, stealthy
paws, no weapons or thrown items, no armour, multi-lived
a: Renounce Religion, Divine Shield


You were on level 3 of the Dungeon.
You worshipped the Shining One.
The Shining One was aware of your devotion.
You visited 1 branch of the dungeon, and saw 3 of its levels.

You collected 94 gold pieces.

Inventory:

Scrolls
 b - a scroll of enchant weapon
Potions
 a - a potion of attraction
 c - a potion of might


   Skills:
 + Level 3.4 Fighting
 + Level 4.7 Dodging
 + Level 3.7 Unarmed Combat


You had 2 spell levels left.
You didn't know any spells.
Your spell library was empty.

Dungeon Overview and Level Annotations

Branches:
Dungeon (3/15)

Altars:
Qazlal
Xom
The Shining One

Annotations:
D:3 Terence


Innate Abilities, Weirdness & Mutations

You have sharp claws.
You have razor-sharp teeth.
You have supernaturally acute eyesight. (SInv)
You cover ground quickly. (Speed+)
You are covered in fur. (AC +1)
Your paws help you pounce on unaware monsters.
You are incapable of wielding weapons or throwing items.
You cannot wear armour.
You gain extra lives every three experience levels.


Message History

You feel very mighty all of a sudden.
Terence hits you with a +2 hand axe of flaming!
Ouch! That really hurt!
* * * LOW HITPOINT WARNING * * *
Terence burns you. The Shining One protects you from harm!
A divine shield forms around you! Terence closely misses you.
You barely miss Terence. You bite Terence.
Terence is moderately wounded.
You block Terence's attack.
You scratch Terence.
Terence is moderately wounded.
You scratch Terence.
Terence is heavily wounded.
Terence completely misses you.
You scratch Terence. You bite Terence, but do no damage.
Terence is heavily wounded.
Terence drinks a potion.
Terence is healed!
It was a potion of attraction.
You feel attractive to monsters. Terence completely misses you.
It was a potion of flight.
You feel very buoyant.
You fly up into the air.
Terence misses you.
Terence shouts, "ATTACK!!!"
Terence is nearby!
Terence hits you with a +2 hand axe of flaming.
* * * LOW HITPOINT WARNING * * *
Terence burns you.
* * * LOW HITPOINT WARNING * * *
It was a potion of haste.
You feel yourself speed up. Terence misses you.
Terence is attracted toward you. Terence is attracted toward you.
Terence closely misses you. Terence is attracted toward you.
Terence is attracted toward you. You block Terence's attack.
Terence is attracted toward you.
Terence hits you with a +2 hand axe of flaming.
You die...

#)...!#
########.....#
#......'..§..#
#.######.....# #.#
#####..#
#.#####......#
#.#..........#.
#.#...@§...........
#.#..@.....#.#.....
#.#....##+##.#.....
#.'....+ .. .. ....
###....# .# ##..###
#....##.# ..
#....##.### .#
#.........# .##
#.......#.# ...
#.......#.##.#


You could see Terence.

Vanquished Creatures
  A worm (D:2)
  A dart slug (D:1)
  2 bats (D:1)
  4 endoplasms (D:1)
  A giant cockroach (D:1)
  3 hobgoblins (D:1)
  4 jackals (D:1)
  2 quokkas (D:1)
  5 ball pythons
  2 frilled lizards
  4 goblins (D:1)
  7 kobolds
  6 rats
42 creatures vanquished.

Notes
Turn   | Place    | Note
-------+----------+-------------------------------------------
     0 | D:1      | gamesnag the Felid Berserker began the quest for the Orb.
     0 | D:1      | Reached XP level 1. HP: 10/10 MP: 2/2
   287 | D:1      | Reached XP level 2. HP: 7/14 MP: 3/3
   486 | D:1      | Reached ** piety under Trog
   570 | D:1      | Reached XP level 3. HP: 16/17 MP: 4/4
  1391 | D:2      | Found a shimmering altar of Xom.
  1644 | D:2      | You fall into a shaft and drop 1 floor!
  1759 | D:3      | Found a stormy altar of Qazlal.
  1924 | D:3      | Found a faded altar of an unknown god.
  1932 | D:3      | Prayed at the altar of an unknown god.
  1932 | D:3      | Fell from the grace of Trog
  1932 | D:3      | Became a worshipper of the Shining One
  1932 | D:3      | Reached * piety under the Shining One
  1971 | D:3      | Noticed Terence
  1975 | D:3      | The Shining One protects you from harm!
  1996 | D:3      | Slain by Terence

Illustrated notes

Levels and vault maps discovered:
D:1:      evilmike_arrival_rings, layout_basic, minmay_splitting_lines,
          patterned_corridor
D:2:      layout_basic, basic_altar, chequers_garden
D:3:      layout_basic, zin_purify, mainiacjoe_overflow_tiny_flanked,
          ebering_ecumenical_altar_rust, uniq_terence

Action                   || total
-------------------------++-------
Melee: Unarmed           ||   107
       Bite              ||    16
       Punch             ||     1
Invok: Divine Shield     ||     1
  Use: Potion            ||     4
       Scroll            ||     3
Armor: Skin              ||     5
Dodge: Dodged            ||    93
Block: Other             ||     2

Table legend: (Time is in decaauts)
 A = Elapsed time spent in this place.
 B = Non-inter-level travel time spent in this place.
 C = Inter-level travel time spent in this place.
 D = Time resting spent in this place.
 E = Time spent auto-exploring this place.
 F = Levels seen in this place.
 G = Mean time per level.
                   A        B        C        D        E       F      G
               +--------+--------+--------+--------+--------+-----+--------+
         Total |   1653 |   1611 |     42 |    170 |    354 |   3 |  551.0 |
       Dungeon |   1653 |   1611 |     42 |    170 |    354 |   3 |  551.0 |
               +--------+--------+--------+--------+--------+-----+--------+

Top non-repeatable levels by time:
     D:1: 1117 daAuts
     D:3: 283 daAuts
     D:2: 252 daAuts
